Map: Acid Plant LE

Players

Snoxtar

  • Race: Zerg Zerg
  • Spawn Location: 5:00

Light - Winner!

  • Race: Protoss Protoss
  • Spawn Location: 11:00

Event: WCS Valencia 2018

VOD

Have the link to the VOD?

Description

Time

  • Played on: July 12, 2018, 8:06 a.m.
  • Length: 8:56

All games in this series

Show
View Real Time Build Order
Export as new Build Order

Snoxtar Zerg 

Build Orders: Hatch First 

Get SALT Encoding   

  12  0:00  Drone  
  13  0:12  Overlord  
  13  0:17  Drone  
  14  0:30  Drone x2  
  16  0:37  Drone  
  17  0:52  Hatchery  
  17  0:55  Drone  
  17  0:58  Drone  
  18  1:08  Extractor  
  17  1:13  Spawning Pool  
  17  1:17  Drone  
  17  1:20  Drone  
  18  1:28  Drone  
  19  1:39  Overlord  
  19  1:50  Drone  
  20  2:00  Drone, Queen  
  23  2:03  Queen  
  23  2:04  Drone  
  26  2:11  Metabolic Boost, Drone  
  26  2:15  Drone  
  28  2:23  Drone  
  29  2:32  Hatchery  
  29  2:35  Zergling x2  
  29  2:36  Zergling x2  
  30  2:40  Zergling x2  
  31  2:45  Drone  
  31  2:48  Queen  
  34  2:51  Drone  
  34  2:55  Overlord  
  35  3:01  Drone  
  36  3:15  Spore Crawler, Drone  
  36  3:21  Drone x3  
  36  3:22  Drone x4  
  43  3:29  Overlord  
  43  3:36  Spore Crawler  
  43  3:38  Spore Crawler, Drone  
  43  3:40  Drone  
  44  3:41  Drone  
  44  3:45  Queen  
  46  3:49  Drone  
  46  3:50  Drone  
  47  3:56  Extractor  
  47  3:58  Lair  
  47  3:59  Drone x2  
  47  4:00  Extractor, Drone x3  
  50  4:03  Drone x2  
  50  4:05  Drone  
  50  4:08  Spore Crawler  
  52  4:14  Overlord, Evolution Chamber  
  51  4:17  Overlord  
  51  4:33  Drone x6  
  51  4:35  Overlord  
  51  4:37  Extractor, Drone  
  57  4:39  Drone x3  
  57  4:45  Overlord  
  60  4:53  Overlord  
  60  5:00  Hydralisk Den, Zerg Missile Weapons Level 1  
  60  5:01  Drone  
  60  5:03  Overlord x2  
  60  5:05  Drone x3  
  63  5:07  Drone  
  63  5:08  Drone  
  63  5:10  Zergling x4  
  67  5:15  Zergling x2  
  67  5:16  Zergling x4  
  68  5:31  Hydralisk x2  
  68  5:32  Muscular Augments, Hydralisk x3  
  78  5:36  Hydralisk x2  
  78  5:39  Hydralisk  
  78  5:41  Hydralisk  
  86  5:43  Hydralisk  
  86  5:47  Overlord  
  86  5:49  Overlord  
  88  5:55  Overseer  
  88  5:57  Overlord x2  
  88  6:01  Hydralisk  
  88  6:04  Drone  
  89  6:06  Overlord  
  85  6:12  Overlord, Drone x3  
  85  6:16  Hydralisk x2  
  89  6:20  Hydralisk  
  89  6:24  Hydralisk, Drone x3  
  96  6:28  Hydralisk  
  96  6:30  Hydralisk  
  100  6:33  Zergling x2  
  100  6:36  Hydralisk  
  100  6:38  Zergling x2  
  104  6:41  Drone x2  
  104  6:44  Zergling x2  
  102  6:47  Zergling x2  
  102  6:48  Zergling x4  
  102  6:50  Zergling x4  
  102  6:52  Zergling x4  
  102  6:53  Zergling x2  
  110  6:59  Drone x5  
  115  7:04  Spire  
  115  7:08  Drone x3  
  117  7:12  Infestation Pit  
  116  7:16  Drone x4  
  116  7:22  Extractor  
  119  7:23  Extractor  
  119  7:28  Drone x4  
  119  7:29  Drone x2  
  120  7:54  Zergling x8  
  120  7:55  Hydralisk  
  125  8:05  Overlord  
  125  8:06  Overlord  
  125  8:08  Overlord  
  125  8:12  Overlord  
  118  8:13  Hydralisk x2  
  118  8:14  Hydralisk  
  118  8:16  Overlord  
  118  8:17  Overlord  
  118  8:19  Overlord  
  122  8:22  Overlord  
  122  8:23  Overlord  
  122  8:28  Overlord  
  124  8:34  Zergling x2  
Show
View Real Time Build Order
Export as new Build Order

Light Protoss - Winner!

Build Orders: 1 Gate Expand, Oracle Opening, Phoenix Opening, Colossus Rush 

Get SALT Encoding   

  12  0:01  Probe  
  13  0:13  Probe  
  14  0:23  Pylon  
  14  0:25  Probe  
  15  0:37  Probe  
  16  0:45  Probe  
  16  0:46  Gateway  
  17  0:51  Assimilator  
  17  0:55  Probe  
  18  1:07  Probe  
  19  1:19  Probe  
  19  1:24  Pylon  
  20  1:35  Nexus  
  20  1:39  Probe  
  21  1:45  Cybernetics Core  
  21  1:51  Probe  
  22  1:55  Pylon  
  22  1:59  Assimilator  
  22  2:03  Probe  
  23  2:11  Probe  
  23  2:12  Adept  
  23  2:21  Probe  
  26  2:25  Stargate  
  27  2:31  Warp Gate  
  27  2:33  Probe  
  28  2:40  Adept  
  30  2:45  Probe  
  30  2:47  Probe  
  32  2:57  Probe  
  33  2:59  Probe  
  33  3:02  Phoenix  
  34  3:07  Adept  
  34  3:09  Probe  
  34  3:11  Probe  
  38  3:22  Probe  
  38  3:23  Probe  
  38  3:24  Robotics Facility  
  40  3:34  Oracle, Probe  
  41  3:35  Probe  
  41  3:40  Pylon  
  41  3:46  Probe  
  41  3:47  Probe  
  46  3:56  Assimilator  
  46  3:58  Probe  
  46  3:59  Probe  
  46  4:01  Assimilator  
  48  4:09  Pylon  
  48  4:10  Probe  
  48  4:11  Probe  
  48  4:13  Observer  
  51  4:17  Pylon  
  51  4:22  Probe  
  51  4:23  Probe  
  53  4:34  Probe  
  53  4:36  Probe  
  55  4:39  Warp Prism  
  55  4:40  Twilight Council  
  55  4:44  Robotics Bay  
  55  4:46  Probe  
  55  4:48  Probe  
  59  4:57  Nexus  
  59  4:58  Probe  
  59  4:59  Pylon  
  60  5:00  Probe  
  60  5:03  Adept  
  63  5:10  Probe  
  63  5:12  Probe  
  63  5:13  Colossus  
  65  5:18  Pylon  
  65  5:23  Probe  
  65  5:24  Probe  
  65  5:28  Sentry  
  68  5:31  Pylon  
  68  5:35  Probe  
  75  5:36  Probe  
  75  5:37  Blink  
  76  5:43  Pylon  
  76  5:47  Probe  
  76  5:48  Probe  
  78  5:55  Colossus  
  78  5:59  Probe  
  78  6:00  Probe  
  80  6:11  Probe  
  87  6:12  Probe x2  
  85  6:20  Sentry  
  85  6:24  Gateway  
  85  6:25  Gateway  
  89  6:27  Gateway x2  
  89  6:31  Gateway x2  
  89  6:32  Gateway  
  87  6:33  Gateway  
  87  6:38  Colossus  
  87  6:47  Sentry  
  95  6:58  Gateway, Extended Thermal Lance  
  95  7:00  Pylon  
  95  7:02  Pylon  
  95  7:04  Pylon  
  95  7:11  Sentry  
  97  7:20  Sentry x2  
  101  7:22  Adept  
  101  7:23  Adept  
  101  7:29  Pylon  
  105  7:30  Observer, Assimilator, Pylon  
  105  7:32  Pylon  
  105  7:33  Pylon  
  105  7:41  Stalker x3  
  105  7:42  Stalker x2  
  105  7:43  Stalker x2  
  117  7:45  Stalker x2  
  119  8:16  Stalker x2  
  119  8:17  Stalker x5  
  119  8:19  Zealot x3  
  139  8:49  Stalker  
  139  8:50  Stalker x7  
Tags
 
Add a new tag
Caveats
  • Supply blocks, unpowered buildings, or Contaminate may cause inaccurate times.
  • Supply counts are checked every 10 seconds.